 Dungeon Crawl Stone Soup version 0.19-a0-1587-gaef70b6 (webtiles) character file.

8 dvd the Stinger (level 2, 0/17 HPs)
             Began as an Octopode Venom Mage on Sept 16, 2016.
             Slain by a jackal (2 damage)
             ... on level 1 of the Dungeon.
             The game lasted 00:00:38 (388 turns).

dvd the Stinger (Octopode Venom Mage)                Turns: 388, Time: 00:00:39

Health: 0/17       AC:  1    Str:  7    XL:     2   Next: 8%
Magic:  0/5        EV: 13    Int: 17    God:
Gold:   77         SH:  0    Dex: 12    Spells: 1 memorised, 4 levels left

rFire  . . .     SeeInvis .     (no weapon)
rCold  . . .     Gourm    .     (no shield)
rNeg   . . .     Faith    .     (helmet restricted)
rPois  .         Spirit   .     (no amulet)
rElec  .         Dismiss  .     (no ring)
rCorr  .         Reflect  .     (no ring)
MR     .....     Harm     .     (no ring)
Stlth  +++.......               (no ring)
                                (no ring)
                                (no ring)
                                (no ring)
                                (no ring)

@: very slightly contaminated
A: almost no armour, stealthy swim, amphibious, 8 rings, constrict 8, camouflage
1, gelatinous body 1
a: no special abilities


You were on level 1 of the Dungeon.
You were not hungry.

You visited 1 branch of the dungeon, and saw 1 of its levels.

You collected 77 gold pieces.

Inventory:

Scrolls
 e - a scroll of recharging {unknown}
Books
 a - a Young Poisoner's Handbook

   Spells                             Type                      Level
   a - Sting                          Conjuration/Poison           1
   b - Mephitic Cloud                 Conjuration/Poison/Air       3
   c - Olgreb's Toxic Radiance        Poison                       4
   d - Alistair's Intoxication        Transmutation/Poison         5
   e - Venom Bolt                     Conjuration/Poison           5
Comestibles
 b - a bread ration
 c - a royal jelly


   Skills:
 + Level 2.0 Dodging
 + Level 2.6 Stealth
 + Level 2.1 Spellcasting
 + Level 5.2 Poison Magic


You had 4 spell levels left.
You knew the following spells:

 Your Spells              Type           Power        Failure   Level  Hunger
a - Sting                 Conj/Pois      ##..         10%         1    #......


Dungeon Overview and Level Annotations

Branches:
Dungeon (1/15)

Altars:


Innate Abilities, Weirdness & Mutations

You cannot wear most types of armour.
You are very stealthy in the water.
You are amphibious.
You can wear up to eight rings at the same time.
You can use your tentacles to constrict eight enemies at once.
Your skin changes colour to match your surroundings (Stealth+).
Your rubbery body absorbs attacks. (AC +1, EV +1)


Message History

You tentacle-slap the jackal but do no damage.
You squeeze the jackal.
You kill the jackal!
You barely miss the jackal. Your grab misses the jackal.
The jackal is heavily wounded.
The jackal bites you.
* * * LOW HITPOINT WARNING * * *
The jackal bites you.
* * * LOW HITPOINT WARNING * * *
Unknown command.
Casting: Sting
Confirm with . or Enter, or press ? or * to list all spells.
Aiming: Sting
Press: ? - help, Shift-Dir - straight line, f/p - jackal
Aim: a jackal (moderately wounded)
The sting misses the jackal.
The jackal barely misses you.
You tentacle-slap the jackal. You grab the jackal.
The jackal is severely wounded.
You constrict the jackal. The jackal closely misses you. The jackal bites you.
You die...

..# ##..♣♣.♣♣..##.....#
#.# #..♣♣P>P♣♣..#####.#
#.# ####..#####..##......
#.# #.'...≈≈≈≈≈...'.###'#
#.###.################...
###.##..# ##....
#.#.#.#.##.## # ##.....
#...........######...#
#......
+............h@.......
+......
##.#...####.######...#
#...... #.###.## #.# .
##..... #.# ##. #.#
##.... ## # #.# ##... #.#
##.. ..# #.. ## #.. #..


You could see a jackal.

Vanquished Creatures
  A leopard gecko (D:1)
  3 jackals (D:1)
  A bat (D:1)
  A frilled lizard (D:1)
  A rat (D:1)
7 creatures vanquished.

Notes
Turn   | Place    | Note
-------+----------+-------------------------------------------
     0 | D:1      | dvd the Octopode Venom Mage began the quest for the Orb.
     0 | D:1      | Reached XP level 1. HP: 11/11 MP: 3/3
   118 | D:1      | Reached skill level 5 in Poison Magic
   378 | D:1      | Reached XP level 2. HP: 9/17 MP: 1/5
   388 | D:1      | Slain by a jackal

Vault maps used:
D:1:      tarquinn_simple_flora_water_b, evilmike_ruin_ashenzari

Skill      XL: |  1 |
---------------+----+-----
Poison Magic   | 5 |  5.2
Dodging        | |  2.0
Stealth        | |  2.6
Spellcasting   | |  2.1

Action                   || total
-------------------------++-------
Melee: Unarmed           ||    22
       Constrict         ||     4
       Tentacles         ||     3
 Cast: Sting             ||     7
Armor: Skin              ||     5
Dodge: Dodged            ||    20
